 Dungeon Crawl Stone Soup version 0.19-a0-283-g61a59a3 (webtiles) character file.

269409 Delvonshi the Demonologist (level 19, -3/138 HPs)
             Began as a Demonspawn Summoner on May 26, 2016.
             Was the Champion of Sif Muna.
             Slain by a vault warden
             ... wielding a +0 long sword of holy wrath
              (42 damage)
             ... on level 3 of the Vaults.
             The game lasted 09:09:06 (72379 turns).

Delvonshi the Demonologist (Demonspawn Summoner)   Turns: 72379, Time: 09:09:07

Health: -3/138     AC: 24    Str: 13    XL:     19   Next: 40%
Magic:  0/36       EV: 10    Int: 38    God:    Sif Muna [******]
Gold:   3744       SH:  7    Dex:  7    Spells: 9 memorised, 9 levels left

rFire  + . .     SeeInvis +     k - +4 falchion "Impbane" {speed, rC+ MR+ Int+2}
rCold  + + .     Gourm    +     N - +6 mottled dragon armour
rNeg   + . .     Faith    .     l - +0 buckler of Analysis {rElec rPois Regen+}
rPois  +         Spirit   +     y - +2 hat of the Bear Spirit {Spirit, +Rage rN+ MR++}
rElec  +         Dismiss  .     n - +2 cloak of the Thief {+Fog Slay-2 SInv Stlth+}
rCorr  .         Reflect  .     V - +2 pair of gloves
SustAt .         Harm     .     (boots unavailable)
MR     +++++                    U - amulet of the gourmand
Stlth  +++.......               J - ring of the First Beds {rF+ rC+ Str+5 Dex-5}
                                t - ring "Imaanuiw" {+Fly rElec MR+ Int+9 Dex-2}

@: repel missiles, almost entirely resistant to hostile enchantments, fairly
stealthy
A: horns 1, talons 3, large bone plates 3, clever 1, demonic guardian 1,
mutation resistance 1, spiny 2
a: Channel Energy, Forget Spell, Renounce Religion, Evoke Fog, Evoke Berserk
Rage, Evoke Flight
}: 2/15 runes: decaying, serpentine


You were on level 3 of the Vaults.
You worshipped Sif Muna.
Sif Muna was exalted by your worship.
You were very full.

You visited 8 branches of the dungeon, and saw 39 of its levels.
You also visited: Labyrinth and Bailey.

You collected 4388 gold pieces.
You spent 644 gold pieces at shops.

Inventory:

Hand Weapons
 k - the +4 falchion "Impbane" (weapon) {speed, rC+ MR+ Int+2}
   (You found it in a labyrinth)

   Attacks with this weapon are significantly faster.
   It affects your intelligence (+2).
   It protects you from cold.
   It affects your resistance to hostile enchantments.
Armour
 l - the +0 buckler of Analysis (worn) {rElec rPois Regen+}
   (You took it off a deep elf annihilator on level 3 of the Elven Halls)

   It insulates you from electricity.
   It protects you from poison.
   It increases your rate of regeneration.
 n - the +2 cloak of the Thief (worn) {+Fog Slay-2 SInv Stlth+}
   (You found it on level 7 of the Lair of Beasts)

   It affects your accuracy and damage with ranged weapons and melee attacks
   (-2).
   It lets you see invisible.
   It can be evoked to emit clouds of fog.
   It makes you more stealthy.
 y - the +2 hat of the Bear Spirit (worn) {Spirit, +Rage rN+ MR++}
   (You found it on level 3 of the Elven Halls)

   It protects you from negative energy.
   It affects your resistance to hostile enchantments.
   It lets you go berserk.
 N - a +6 mottled dragon armour (worn)
 V - a +2 pair of gloves (worn)
Magical Staves
 c - an uncursed staff of wizardry
Jewellery
 h - a +5 ring of protection
 t - the ring "Imaanuiw" (left hand) {+Fly rElec MR+ Int+9 Dex-2}
   (You took it off a deep elf death mage on level 3 of the Elven Halls)

   [ring of protection from magic]

   It affects your intelligence (+9).
   It affects your dexterity (-2).
   It insulates you from electricity.
   It affects your resistance to hostile enchantments.
   It lets you fly.
 J - the ring of the First Beds (right hand) {rF+ rC+ Str+5 Dex-5}
   (You took it off a deep elf annihilator on level 3 of the Elven Halls)

   [ring of protection from fire]

   It affects your strength (+5).
   It affects your dexterity (-5).
   It protects you from fire.
   It protects you from cold.
 M - an uncursed ring of positive energy
 U - an amulet of the gourmand (around neck)
Wands
 g - a wand of disintegration (8/24)
 S - a wand of digging (12/24)
 X - a wand of hasting (5/9)
Scrolls
 d - 21 scrolls of remove curse
 f - 9 scrolls of teleportation
 i - 8 scrolls of enchant armour
 o - 6 scrolls of identify
 u - a scroll of summoning
 z - 3 scrolls of recharging
 G - a scroll of acquirement
 I - 3 scrolls of fog
 K - 10 scrolls of magic mapping
 P - a scroll of enchant weapon
Potions
 e - 10 potions of flight
 j - 11 potions of agility
 m - a potion of ambrosia
 r - a potion of resistance
 x - 5 potions of magic
 A - a potion of invisibility
 H - 2 potions of haste
 W - 4 potions of brilliance
 Y - 5 potions of curing
 Z - 2 potions of cancellation
Books
 a - Lyarr's Handbook of the Dusty Volcanoes
   (Sif Muna gifted it to you on level 2 of the Elven Halls)

   Spells                             Type                      Level
   a - Passwall                       Transmutation/Earth          2
   b - Bolt of Magma                  Conjuration/Fire/Earth       5
   c - Iron Shot                      Conjuration/Earth            6
   d - Ring of Flames                 Charms/Fire                  7
 p - Sif Muna's Catalogue of Virous Creation
   (Sif Muna gifted it to you on level 3 of the Snake Pit)

   Spells                             Type                      Level
   a - Call Imp                       Summoning                    2
   b - Poison Arrow                   Conjuration/Poison           6
   c - Monstrous Menagerie            Summoning                    7
   d - Summon Hydra                   Summoning                    7
   e - Malign Gateway                 Summoning/Translocation      7
   f - Summon Horrible Things         Summoning                    8
 q - Loekh's Almanac of Damaging Snow
   (Sif Muna gifted it to you on level 2 of the Vaults)

   Spells                             Type                      Level
   a - Summon Ice Beast               Ice/Summoning                4
   b - Bolt of Magma                  Conjuration/Fire/Earth       5
   c - Conjure Ball Lightning         Conjuration/Air              6
   d - Spellforged Servitor           Conjuration/Summoning        7
   e - Chain Lightning                Conjuration/Air              8
   f - Glaciate                       Conjuration/Ice              9
 v - the Guide on Ice and Lightness
   (You found it on level 3 of the Elven Halls)

   Spells                             Type                      Level
   a - Shock                          Conjuration/Air              1
   b - Freeze                         Ice                          1
   c - Ensorcelled Hibernation        Hexes/Ice                    2
   d - Freezing Cloud                 Conjuration/Ice/Air          6
 B - Dispater's Reference Book on Cloudy Attacks
   (Sif Muna gifted it to you on level 1 of the Vaults)

   Spells                             Type                      Level
   a - Static Discharge               Conjuration/Air              3
   b - Throw Icicle                   Conjuration/Ice              4
   c - Bolt of Cold                   Conjuration/Ice              6
   d - Lehudib's Crystal Spear        Conjuration/Earth            8
   e - Fire Storm                     Conjuration/Fire             9
 E - a Necronomicon

   Spells                             Type                      Level
   a - Haunt                          Necromancy/Summoning         7
   b - Borgnjor's Revivification      Necromancy                   8
   c - Death's Door                   Charms/Necromancy            8
   d - Necromutation                  Transmutation/Necromancy     8
 L - a book of the Dragon

   Spells                             Type                      Level
   a - Flame Tongue                   Conjuration/Fire             1
   b - Cause Fear                     Hexes                        4
   c - Bolt of Fire                   Conjuration/Fire             6
   d - Dragon Form                    Transmutation                7
   e - Dragon's Call                  Summoning                    9
 O - Sif Muna's Incunabulum of Boosts and Conjuration
   (Sif Muna gifted it to you on level 4 of the Snake Pit)

   Spells                             Type                      Level
   a - Ozocubu's Armour               Charms/Ice                   3
   b - Stone Arrow                    Conjuration/Earth            3
   c - Fireball                       Conjuration/Fire             5
   d - Delayed Fireball               Conjuration/Fire             7
 Q - a book of Enchantments

   Spells                             Type                      Level
   a - Cause Fear                     Hexes                        4
   b - Yara's Violent Unravelling     Hexes/Transmutation          5
   c - Silence                        Hexes/Air                    5
   d - Deflect Missiles               Charms/Air                   6
   e - Haste                          Charms                       6
   f - Discord                        Hexes                        8
 R - a book of Burglary

   Spells                             Type                      Level
   a - Swiftness                      Charms/Air                   2
   b - Passwall                       Transmutation/Earth          2
   c - Passage of Golubria            Translocation                4
   d - Lee's Rapid Deconstruction     Earth                        5
   e - Darkness                       Hexes                        6
   f - Invisibility                   Hexes                        6
Comestibles
 b - 6 slices of pizza
 s - 7 meat rations
 C - 13 bread rations
 D - 6 beef jerkies
 F - 4 royal jellies
 T - 33 fruits


   Skills:
 - Level 9.0 Fighting
 - Level 5.5 Long Blades
 - Level 1.7 Dodging
 - Level 6.2 Stealth
 - Level 2.6 Shields
 - Level 13.1 Spellcasting
 - Level 11.2 Conjurations
 - Level 8.8 Hexes
 - Level 3.7 Charms
 + Level 21.2 Summonings
   Level 4.0 Fire Magic
 - Level 9.3 Ice Magic
 - Level 8.0 Air Magic
 - Level 10.1 Invocations


You had 9 spell levels left.
You knew the following spells:

 Your Spells              Type           Power        Failure   Level  Hunger
a - Shadow Creatures      Summ           N/A          1%          6    ##.....
b - Freezing Cloud        Conj/Ice/Air   #######...   10%         6    ##.....
c - Summon Lightning Spi  Summ/Air       #######.     1%          4    None
d - Summon Hydra          Summ           ########..   1%          7    ####...
e - Repel Missiles        Chrm/Air       ######       1%          2    None
f - Apportation           Tloc           ####......   2%          1    None
g - Lightning Bolt        Conj/Air       #######...   1%          5    None
h - Tukima's Dance        Hex            #######.     1%          3    None
i - Summon Butterflies    Summ           ########     0%          1    None


Dungeon Overview and Level Annotations

Branches:
Dungeon (14/15)            Temple (1/1) D:4            Lair (8/8) D:11
  Swamp (4/4) Lair:4        Snake (4/4) Lair:4        Slime (0/6) Lair:8
    Orc (2/2) D:9             Elf (3/3) Orc:2        Vaults (3/5) D:14
  Crypt (0/3) Vaults:2

Altars:
Ashenzari
Cheibriados
Dithmenos
Elyvilon
Fedhas
Gozag
Hepliaklqana
Kikubaaqudgha
Makhleb
Nemelex Xobeh
Okawaru
Pakellas
Qazlal
Ru
Sif Muna
Trog
Vehumet
Xom
Yredelemnul
Zin
The Shining One
Beogh
Jiyva

Shops:
D:8 [((   Orc:1 %((   Orc:2 !?(*   Elf:1 %   Vaults:1 (   Vaults:2 :([[:


Innate Abilities, Weirdness & Mutations

You have claws for feet.
You are completely covered in large bone plates. (AC +4, SH +4)
A weak demonic guardian rushes to your aid.
You are mostly covered in sharp spines.
You have a pair of small horns on your head.
Your mind is acute. (Int +2)
You are somewhat resistant to further mutation.


Message History

The vault warden hits you with a long sword of holy wrath!!
* * * LOW HITPOINT WARNING * * *
You convulse.
* * * LOW HITPOINT WARNING * * *
Wield which item (- for none, * to show all)? (? for menu, Esc to quit)
Okay, then.
Drink which item? (? for menu, Esc to quit)
You feel much better.
The vault warden is engulfed in freezing vapours.
The vault warden activates a sealing rune.
Casting: Lightning Bolt
Confirm with . or Enter, or press ? or * to list all spells.
You don't have enough magic to cast that spell.
You barely miss the vault warden.
The vault warden is almost dead.
You hit the vault warden but do no damage.
The vault warden is almost dead.
The vault warden is engulfed in freezing vapours.
The vault warden hits you with a long sword of holy wrath!!!
You die...

#.....+......#......#
####.....#...<..#......#
....†....#......########
....†....#......#
.........########
.........# ####### ##
.........# #..#..#..#
########'# #.§#§.#./#
#.......# #(§+p@+.$#
#.......###.§#§§#..#
...###...p+..#(.# .# ..
#....#..#(.# #
###..#..#..# #..#..#..#
#..#..#..# ...#..#(.#
....#..#..#


You could see a vault warden.

Vanquished Creatures
  A deep elf blademaster (Elf:3)
  4 vault wardens
  A deep elf sorcerer (Vaults:2)
  Aizul (Snake:2)
  4 ironheart preservers
  A deep elf elementalist (Elf:3)
  3 deep elf annihilators (Elf:3)
  2 deep elf demonologists (Elf:3)
  4 vault guards
  2 deep elf death magi (Elf:3)
  2 great orbs of eyes (Vaults:2)
  A fire dragon (Vaults:2)
  3 yaktaur captains (Vaults:2)
  10 naga warriors
  An ice dragon (Swamp:4)
  4 hydras
  8 anacondas
  An anaconda (shapeshifter) (Vaults:1)
  A death knight (Vaults:2)
  2 centaur warriors
  3 ogre magi (Vaults:2)
  A tengu warrior (D:13)
  2 death yaks (Lair:8)
  4 dancing weapons (Elf:2)
  4 naga sharpshooters
  2 shock serpents (Snake:2)
  3 deep elf knights
  2 skeletal warriors (Vaults:2)
  3 deep trolls (Vaults:2)
  4 salamander mystics (Snake:4)
  3 unseen horrors
  A sea snake (shapeshifter) (Elf:2)
  4 hill giants
  6 naga ritualists
  7 deep elf archers
  2 orc knights (Vaults:2)
  4 ironbrand convokers (Vaults:2)
  A phantasmal warrior (D:14)
  3 mana vipers
  2 hornets
  2 orc sorcerers
  3 griffons
  A hornet (shapeshifter) (Vaults:2)
  2 ugly things (Vaults:2)
  A wolf spider (Vaults:2)
  2 cyclopes
  19 deep elf magi
  4 salamanders
  A faun (shapeshifter) (Vaults:2)
  7 naga magi
  6 centaur zombies
  A guardian serpent (shapeshifter) (Elf:3)
  4 elephants
  4 guardian serpents
  23 black mambas
  2 vault sentinels (Vaults:2)
  5 spiny frogs
  2 freezing wraiths
  13 yaktaurs
  A komodo dragon (Lair:3)
  A troll (Vaults:2)
  A wolf spider simulacrum (Vaults:1)
  A giant leech (Swamp:4)
  10 slime creatures
  5 two-headed ogres
  5 blink frogs
  4 bog bodies
  2 vampires (Vaults:2)
  3 air elementals
  4 water elementals
  3 wraiths
  A wyvern (Lair:5)
  A wyvern (shapeshifter) (D:13)
  8 humans
  2 basilisks (Lair:8)
  12 yaks
  A fire elemental (Elf:1)
  A swamp worm simulacrum (Swamp:4)
  3 hippogriffs
  14 vampire mosquitoes
  A hungry ghost (D:9)
  A mottled dragon (Vaults:2)
  3 insubstantial wisps
  5 swamp worms
  10 nagas
  A warg (Vaults:2)
  A water moccasin (shapeshifter) (Elf:2)
  4 water moccasins
  3 hydra simulacra (Swamp:4)
  2 hell hounds
  3 porcupines
  2 sky beasts
  5 swamp drakes
  A black bear (Lair:7)
  3 ice beasts
  4 orc warriors
  A wasp (Swamp:2)
  3 wolves
  13 ogres
  8 centaurs
  4 crocodiles
  7 giant frogs
  2 earth elementals
  A gnoll sergeant (Orc:2)
  2 scorpions
  A human simulacrum (Vaults:2)
  A wight (D:14)
  2 jellies
  A giant frog zombie (D:8)
  6 orc priests
  4 orc wizards
  3 centaur skeletons
  2 giant frog skeletons
  7 hounds
  Crazy Yiuf (D:2)
  12 iguanas
  6 worker ants
  16 sheep
  A hound skeleton (D:5)
  3 worker ant zombies
  2 howler monkey skeletons (D:4)
  7 gnolls
  5 adders
  8 river rats
  3 shadow imps (D:10)
  2 oozes
  2 adder skeletons
  2 worms
  4 dart slugs
  4 giant geckos
  22 orcs
  10 bats
  A giant cockroach (D:6)
  15 goblins
  4 hobgoblins
  4 jackals
  6 kobolds
  2 quokkas
  A giant gecko zombie (D:8)
  4 giant newts
  A jackal skeleton (D:4)
  A quokka skeleton (D:9)
  10 rats
578 creatures vanquished.

Vanquished Creatures (collateral kills)
  Frederick (Vaults:2)
  Nikola (Elf:1)
  2 deep elf blademasters (Elf:2)
  Asterion (Elf:1)
  A deep elf master archer (Elf:3)
  Frances (D:12)
  4 thorn hunters
  5 greater nagas (Snake:4)
  Donald (Orc:2)
  Wiglaf (Snake:4)
  3 vault wardens (Vaults:1)
  A deep elf sorcerer (Elf:3)
  5 deep elf elementalists
  Maud (Lair:4)
  Nessos (Orc:2)
  5 deep elf annihilators (Elf:3)
  4 deep elf demonologists
  Azrael (Orc:2)
  A vampire knight (Vaults:2)
  A dire elephant (Lair:5)
  4 deep elf death magi (Elf:3)
  A fire dragon (Lair:8)
  Snorg (Orc:2)
  A minotaur (Lab)
  A great orb of eyes (Vaults:1)
  5 vault guards
  A deep elf high priest (Elf:3)
  A yaktaur captain (Vaults:2)
  A rakshasa (Vaults:1)
  An ice dragon (Swamp:4)
  19 naga warriors
  The ghost of tyvek the Impaler, a journeyman MfGl of Gozag (Orc:1)
  15 hydras
  2 centaur warriors
  Erica (D:8)
  An anaconda (shapeshifter) (Elf:3)
  A death knight (D:14)
  2 deep troll shamans (Vaults:2)
  A ghost crab (Swamp:2)
  12 alligators
  9 anacondas
  29 dancing weapons
  9 death yaks
  9 naga sharpshooters
  4 orc high priests
  10 shock serpents
  Sonja (Lair:1)
  12 deep elf knights
  2 skeletal warriors (Vaults:2)
  4 salamander mystics
  A wizard (Vaults:1)
  7 swamp dragons
  6 naga ritualists
  2 spriggan druids (Swamp:3)
  5 hill giants
  20 deep elf archers
  A giant orange brain (Vaults:1)
  3 ironbrand convokers
  5 necromancers
  A shambling mangrove (Swamp:4)
  4 lindwurms (Snake:4)
  An orc sorcerer (Orc:2)
  32 deep elf magi
  A wolf spider (Vaults:1)
  A hornet (shapeshifter) (Vaults:1)
  4 hornets
  13 salamanders
  9 ugly things
  2 salamanders (shapeshifter)
  14 mana vipers
  2 griffons
  A faun (shapeshifter) (Vaults:2)
  4 cyclopes
  29 elephants
  29 black mambas
  Maurice (D:8)
  A manticore (D:11)
  10 guardian serpents
  An orc zombie (Vaults:3)
  An ice statue (Swamp:3)
  3 vault sentinels
  A storm dragon simulacrum (Vaults:3)
  18 naga magi
  2 gargoyles (D:13)
  15 spiny frogs
  5 freezing wraiths
  A kobold demonologist (D:11)
  7 komodo dragons
  5 rime drakes
  5 yaktaurs
  2 trolls (Orc:1)
  A polar bear (Lair:7)
  3 giant leeches
  4 two-headed ogres
  22 slime creatures
  26 blink frogs
  Prince Ribbit (D:5)
  5 bog bodies
  A spriggan (shapeshifter) (Vaults:1)
  3 shadows
  6 spriggans
  2 wraiths
  An air elemental (Elf:2)
  2 vampires
  2 water elementals (Elf:1)
  2 wyverns (D:9)
  The ghost of Tsarenir the Chopper, an amateur HOFi (D:5)
  48 yaks
  7 fire elementals
  3 hungry ghosts
  4 basilisks
  11 humans (D:14)
  4 hippogriffs
  13 vampire mosquitoes
  3 steam dragons (Lair:8)
  A mottled dragon (Lair:8)
  4 insubstantial wisps
  8 swamp worms
  2 wargs
  42 nagas
  The ghost of blooo the Slasher, an amateur TeGl (D:4)
  7 porcupines
  10 hydra simulacra (Swamp:4)
  12 water moccasins
  15 orc warriors
  3 ice beasts
  10 swamp drakes
  5 sky beasts
  6 wasps
  2 eyes of draining (D:13)
  4 black bears
  A necrophage (D:7)
  9 ogres
  3 phantoms
  25 wolves
  17 centaurs
  16 crocodiles
  A human skeleton (Vaults:3)
  2 big kobolds (D:11)
  A human zombie (Vaults:3)
  14 giant frogs
  Blork the orc (D:5)
  A gnoll sergeant (D:8)
  3 earth elementals (Elf:1)
  2 wyvern skeletons
  5 scorpions
  3 killer bees (D:9)
  2 wights (D:14)
  4 howler monkeys
  2 electric eels (Lair:1)
  10 crimson imps
  2 giant frog zombies
  2 quasits (D:8)
  4 jellies
  17 orc priests
  A giant frog skeleton (D:11)
  7 hounds
  24 orc wizards
  8 worker ants
  6 iguanas
  9 sheep
  Robin (D:3)
  9 gnolls
  3 adders
  46 river rats
  8 shadow imps
  7 swamp drake simulacra (Swamp:4)
  2 adder skeletons
  A dart slug (D:2)
  4 giant geckos
  50 orcs
  3 bats
  A giant cockroach (D:2)
  12 goblins
  7 hobgoblins
  9 jackals
  5 kobolds
  3 quokkas
  2 giant newts (D:2)
  2 rats
  3 briar patches (Swamp:1)
  2 crawling corpses (Elf:3)
  5 fungi
  2 plants
1173 creatures vanquished.

Vanquished Creatures (others)
  An azure jelly (Swamp:4)
  An alligator (Swamp:4)
  A naga sharpshooter (Snake:2)
  13 dancing weapons
  3 insubstantial wisps (Swamp:4)
  2 crocodiles (Lair:8)
  A quokka (D:14)
  A briar patch (Swamp:1)
  10 bushes
  66 fungi
  52 plants
151 creatures vanquished.

Grand Total: 1902 creatures vanquished

Notes
Turn   | Place    | Note
--------------------------------------------------------------
     0 | D:1      | Delvonshi the Demonspawn Summoner began the quest for the Orb.
     0 | D:1      | Reached XP level 1. HP: 13/13 MP: 3/3
   386 | D:1      | Gained mutation: You have sharp toenails. [demonic ancestry]
   386 | D:1      | Reached XP level 2. HP: 19/19 MP: 5/5
  1024 | D:1      | Reached skill level 5 in Summonings
  1029 | D:1      | Reached XP level 3. HP: 24/24 MP: 3/6
  1904 | D:2      | Learned a level 3 spell: Call Canine Familiar
  2051 | D:2      | Reached XP level 4. HP: 26/30 MP: 7/7
  2350 | D:2      | Noticed Crazy Yiuf
  2359 | D:2      | Killed Crazy Yiuf
  2975 | D:3      | Reached skill level 1 in Fighting
  3150 | D:3      | Reached XP level 5. HP: 36/37 MP: 8/8
  3244 | D:3      | Found an oddly glowing altar of Pakellas.
  3311 | D:3      | Noticed Robin
  3356 | D:3      | Killed Robin
  3435 | D:3      | Learned a level 4 spell: Summon Lightning Spire
  3454 | D:3      | Found a burning altar of Makhleb.
  3454 | D:3      | Noticed a balrug
  3457 | D:3      | Noticed a ynoxinul
  3457 | D:3      | Noticed a smoke demon
  3462 | D:3      | Found a sacrificial altar of Ru.
  3662 | D:4      | Noticed an ogre
  3704 | D:3      | Killed an ogre
  3704 | D:3      | Reached skill level 1 in Air Magic
  4074 | D:4      | Gained mutation: A weak demonic guardian rushes to your aid. [demonic ancestry]
  4074 | D:4      | Reached XP level 6. HP: 26/44 MP: 9/9
  4224 | D:4      | Noticed blooo's ghost (amateur TeGl)
  4237 | D:4      | Killed blooo's ghost
  4793 | D:4      | Found an opulent altar of Gozag.
  4882 | D:4      | Found a staircase to the Ecumenical Temple.
  4888 | Temple   | Entered the Ecumenical Temple
  4939 | Temple   | Became a worshipper of Sif Muna the Loreminder
  5227 | D:5      | Entered Level 5 of the Dungeon
  5231 | D:5      | Noticed Prince Ribbit
  5740 | D:5      | Found a white marble altar of Elyvilon.
  5843 | D:5      | Killed Prince Ribbit
  5843 | D:5      | Gained mutation: You have razor-sharp toenails. [demonic ancestry]
  5843 | D:5      | Reached XP level 7. HP: 52/52 MP: 5/10
  5922 | D:5      | Noticed Tsarenir's ghost (amateur HOFi)
  5948 | D:5      | Noticed Blork the orc
  5951 | D:5      | Killed Tsarenir's ghost
  5958 | D:5      | Killed Blork the orc
  6468 | D:5      | Found a sparkling altar of Nemelex Xobeh.
  6724 | D:6      | Reached skill level 5 in Air Magic
  6867 | D:6      | Reached * piety under Sif Muna
  7014 | D:6      | Reached skill level 6 in Summonings
  7310 | D:6      | Found a shimmering altar of Xom.
  7610 | D:6      | Reached XP level 8. HP: 32/59 MP: 8/12
  7825 | D:6      | Found a shimmering altar of Xom.
  8218 | D:6      | Reached skill level 7 in Summonings
  8226 | D:6      | Got a scorched arbalest
  8395 | D:6      | Reached ** piety under Sif Muna
  8651 | D:6      | Reached skill level 8 in Summonings
  8798 | D:6      | Reached skill level 1 in Invocations
  9375 | D:7      | Reached XP level 9. HP: 41/64 MP: 8/15
  9622 | D:7      | Found Zin's Purification Station.
  9625 | D:7      | Found a glowing silver altar of Zin.
  9628 | D:7      | Bought a potion of curing for 90 gold pieces
  9873 | D:7      | Reached skill level 9 in Summonings
 10085 | D:8      | Found a sparkling altar of Nemelex Xobeh.
 10342 | D:8      | Noticed Maurice
 10364 | D:8      | Killed Maurice
 10418 | D:8      | Got a transparent scale mail
 10554 | D:8      | Found Ewotauc's Antique Weapon Emporium.
 10724 | D:8      | Bought a scorched whip for 217 gold pieces
 10728 | D:8      | Identified the cursed +1 whip "Pumay" {vamp, Str+4 Int+2 SInv} (You bought it in a shop on level 8 of the Dungeon)
 10729 | D:8      | Identified the +9 arbalest "Ciuf Netwumm" {penet, rF+} (You took it off a vampire on level 6 of the Dungeon)
 10756 | D:8      | Found Wybli's Armour Shop.
 10768 | D:8      | Reached skill level 5 in Invocations
 10794 | D:8      | Noticed Erica
 10803 | D:8      | Killed Erica
 10803 | D:8      | Reached *** piety under Sif Muna
 10803 | D:8      | Reached skill level 5 in Fighting
 11269 | D:8      | Reached skill level 10 in Summonings
 11441 | D:8      | Found Ricvarha's Antique Weapon Shoppe.
 11596 | D:9      | Learned a level 4 spell: Summon Ice Beast
 11729 | D:9      | Gained mutation: You are partially covered in large bone plates. (AC +2, SH +2) [demonic ancestry]
 11729 | D:9      | Reached XP level 10. HP: 73/76 MP: 11/16
 11777 | D:9      | Found a shadowy altar of Dithmenos.
 11795 | D:9      | Reached skill level 1 in Ice Magic
 12546 | D:9      | Found a blossoming altar of Fedhas.
 12666 | D:9      | Found a bloodstained altar of Trog.
 13336 | D:9      | Found a staircase to the Orcish Mines.
 13402 | D:9      | Found a roughly hewn altar of Beogh.
 13646 | D:10     | Entered Level 10 of the Dungeon
 13688 | D:10     | Found a flagged portal.
 13695 | Bailey   | Entered a bailey
 13728 | Bailey   | Noticed a deep elf mage
 13732 | Bailey   | Killed a deep elf mage
 13732 | Bailey   | Reached skill level 5 in Spellcasting
 13852 | Bailey   | Noticed a deep elf mage
 13854 | Bailey   | Noticed a deep elf mage
 13854 | Bailey   | Noticed a deep elf mage
 13861 | Bailey   | Killed a deep elf mage
 13863 | Bailey   | Noticed a deep elf mage
 14122 | D:10     | Reached **** piety under Sif Muna
 14462 | D:8      | Bought a +2 robe of magic resistance for 247 gold pieces
 14600 | D:10     | Noticed a hill giant
 14623 | D:10     | Killed a hill giant
 15966 | D:11     | Reached ***** piety under Sif Muna
 16042 | D:11     | Got an ancient ring mail
 16091 | D:11     | Identified the cursed +1 ring mail "Covval" {rN+ Str+3} (You found it on level 11 of the Dungeon)
 16102 | D:11     | Identified the +4 scale mail of Zin's Esteem {rF++ Str-5 Dex+4} (You found it on level 8 of the Dungeon)
 16289 | D:11     | Found a staircase to the Lair.
 16379 | D:11     | Noticed a hill giant
 16392 | D:11     | Killed a hill giant
 16436 | D:11     | Noticed a cyclops
 16455 | D:11     | Killed a cyclops
 16548 | D:11     | Noticed an unseen horror
 16598 | D:11     | Reached XP level 11. HP: 75/83 MP: 11/21
 16635 | D:11     | Killed an unseen horror
 16979 | Lair:1   | Entered Level 1 of the Lair of Beasts
 16979 | Lair:1   | Noticed a four-headed hydra
 16996 | Lair:1   | Killed a four-headed hydra
 17723 | Lair:1   | Reached skill level 11 in Summonings
 17856 | Lair:1   | Noticed Sonja
 18105 | Lair:1   | Killed Sonja
 18294 | Lair:2   | Noticed a griffon
 18307 | Lair:2   | Killed a griffon
 19558 | Lair:2   | Reached ****** piety under Sif Muna
 19558 | Lair:2   | Received a gift from Sif Muna
 19580 | Lair:2   | Learned a level 2 spell: Repel Missiles
 19582 | Lair:2   | Learned a level 1 spell: Shock
 19629 | Lair:2   | Reached skill level 1 in Conjurations
 20241 | Lair:3   | Noticed a death yak
 20242 | Lair:3   | Noticed a death yak
 20242 | Lair:3   | Noticed a death yak
 20243 | Lair:3   | Noticed a death yak
 20286 | Lair:3   | Killed a death yak
 20295 | Lair:3   | Killed a death yak
 20473 | Lair:3   | Reached skill level 5 in Conjurations
 20715 | Lair:3   | Killed a death yak
 20740 | Lair:3   | Killed a death yak
 21146 | Lair:3   | Gained mutation: You have claws for feet. [demonic ancestry]
 21146 | Lair:3   | Reached XP level 12. HP: 73/89 MP: 11/24
 21786 | Lair:4   | Received a gift from Sif Muna
 21795 | Lair:4   | Learned a level 6 spell: Shadow Creatures
 21801 | Lair:4   | Learned a level 5 spell: Lightning Bolt
 21891 | Lair:4   | Found a staircase to the Swamp.
 21899 | Lair:4   | Noticed Maud
 22352 | Lair:4   | Killed Maud
 22556 | Lair:4   | Found a staircase to the Snake Pit.
 22560 | Lair:4   | Gained mutation: You are somewhat resistant to further mutation. [potion of mutation]
 22560 | Lair:4   | Gained mutation: Your mind is acute. (Int +2) [potion of mutation]
 23338 | Lair:5   | Reached skill level 10 in Conjurations
 23877 | Lair:5   | Noticed a dire elephant
 23896 | Lair:5   | Killed a dire elephant
 25226 | Lair:6   | Reached XP level 13. HP: 99/99 MP: 19/25
 25942 | Lair:6   | Reached skill level 1 in Charms
 26790 | Lair:7   | Got a transparent zirconium amulet
 26794 | Lair:7   | Identified the amulet "Raorim" {Spirit Str+4} (You found it on level 7 of the Lair of Beasts)
 27211 | Lair:7   | Received a gift from Sif Muna
 27215 | Lair:7   | Identified Facrifos's Reference Book on Beguiling (Sif Muna gifted it to you on level 7 of the Lair of Beasts)
 27220 | Lair:7   | Learned a level 3 spell: Tukima's Dance
 27263 | Lair:7   | Reached skill level 1 in Hexes
 27603 | Lair:8   | Entered Level 8 of the Lair of Beasts
 28551 | Lair:8   | Reached skill level 5 in Hexes
 28738 | Lair:8   | Noticed a fire dragon
 29096 | Lair:8   | Found a viscous altar of Jiyva.
 29096 | Lair:8   | Found a staircase to the Slime Pits.
 29786 | Lair:7   | Reached skill level 12 in Summonings
 30473 | Orc:1    | Entered Level 1 of the Orcish Mines
 30477 | Orc:1    | Noticed tyvek's ghost (journeyman MfGl)
 30488 | Orc:1    | Killed tyvek's ghost
 30488 | Orc:1    | Received a gift from Sif Muna
 30489 | Orc:1    | Identified Sif Muna's Papyrus of the Entourage (Sif Muna gifted it to you on level 1 of the Orcish Mines)
 30496 | Orc:1    | Found Meungue's Antique Weapon Boutique.
 30657 | Orc:2    | Entered Level 2 of the Orcish Mines
 31316 | D:12     | Noticed Frances
 31331 | D:12     | Killed Frances
 31582 | D:12     | Reached skill level 13 in Summonings
 31602 | D:12     | Found a labyrinth entrance.
 31608 | Lab      | Entered a labyrinth
 32570 | Lab      | Noticed a minotaur
 32594 | Lab      | Killed a minotaur
 32644 | Lab      | Got a crude falchion
 32645 | Lab      | Identified the +4 falchion "Impbane" {speed, rC+ MR+ Int+2} (You found it in a labyrinth)
 32647 | Lab      | Got a scorched golden ring
 32649 | Lab      | Identified the ring "Cacitan" {+Inv EV+2} (You found it in a labyrinth)
 32819 | D:12     | Gained mutation: You are mostly covered in large bone plates. (AC +3, SH +3) [demonic ancestry]
 32819 | D:12     | Reached XP level 14. HP: 108/108 MP: 13/26
 33950 | D:13     | Reached skill level 1 in Long Blades
 34275 | D:13     | Gained mutation: You have a pair of small horns on your head. [potion of beneficial mutation]
 34700 | D:14     | Reached skill level 14 in Summonings
 35629 | D:14     | Received a gift from Sif Muna
 35711 | D:14     | Identified Sif Muna's Volume of Toxic Companions (Sif Muna gifted it to you on level 14 of the Dungeon)
 36307 | D:14     | Found a white marble altar of Elyvilon.
 36863 | D:14     | Found a gate to the Vaults.
 36902 | D:14     | Learned a level 1 spell: Summon Butterflies
 37227 | Orc:1    | Found Eruleint's Food Shop.
 37344 | Orc:2    | Noticed Donald
 37347 | Orc:2    | Noticed Nessos
 37350 | Orc:2    | Noticed Azrael
 37442 | Orc:2    | Noticed Snorg
 37450 | Orc:2    | Killed Snorg
 37472 | Orc:2    | Killed Nessos
 37611 | Orc:2    | Found Leyweolu's Magic Scroll Shop.
 37611 | Orc:2    | Found Itail's Distillery.
 37611 | Orc:2    | Found Omuasic's Weapon Boutique.
 37616 | Orc:2    | Found Fap Yniucsi's Assorted Antiques.
 37623 | Orc:2    | Bought a potion of heal wounds for 90 gold pieces
 37720 | Orc:2    | Killed Donald
 37720 | Orc:2    | Killed Azrael
 37908 | Orc:2    | Found a staircase to the Elven Halls.
 37978 | Orc:2    | Found a shimmering altar of Xom.
 38694 | Orc:1    | Found Toasul's Weapon Boutique.
 38768 | Orc:1    | Reached skill level 15 in Summonings
 38780 | Orc:1    | Reached skill level 10 in Spellcasting
 39019 | Swamp:1  | Entered Level 1 of the Swamp
 39697 | Swamp:1  | Identified a scroll of acquirement
 39709 | Swamp:1  | Noticed a thorn hunter
 39720 | Swamp:1  | Killed a thorn hunter
 40008 | Swamp:1  | Gained mutation: You are partially covered in sharp spines. [demonic ancestry]
 40008 | Swamp:1  | Reached XP level 15. HP: 113/113 MP: 22/29
 40147 | Swamp:1  | Reached skill level 5 in Long Blades
 40300 | Swamp:1  | Noticed a thorn hunter
 40327 | Swamp:1  | Killed a thorn hunter
 40547 | Swamp:2  | Received a gift from Sif Muna
 41472 | Swamp:3  | Noticed a thorn hunter
 41490 | Swamp:3  | Killed a thorn hunter
 41851 | Swamp:3  | Learned a level 7 spell: Summon Hydra
 42936 | Swamp:4  | Entered Level 4 of the Swamp
 43244 | Swamp:4  | Killed an azure jelly
 43440 | Swamp:4  | Reached skill level 16 in Summonings
 43448 | Swamp:4  | Reached skill level 5 in Stealth
 45250 | Swamp:4  | Noticed a thorn hunter
 45260 | Swamp:4  | Killed a thorn hunter
 45635 | Swamp:4  | Reached skill level 1 in Shields
 46145 | Swamp:4  | Got a decaying rune of Zot
 46432 | Lair:1   | Upgraded the game from 0.19-a0-264-gaf32591 to 0.19-a0-283-g61a59a3
 46527 | Snake:1  | Entered Level 1 of the Snake Pit
 46979 | Snake:1  | Received a gift from Sif Muna
 47439 | Snake:1  | Got a crude chain mail
 47983 | Snake:1  | Gained mutation: You are mostly covered in sharp spines. [demonic ancestry]
 47983 | Snake:1  | Reached XP level 16. HP: 120/120 MP: 12/31
 49087 | Snake:2  | Reached skill level 17 in Summonings
 49341 | Snake:2  | You fall through a shaft!
 50170 | Snake:3  | Received a gift from Sif Muna
 50177 | Snake:3  | Identified Sif Muna's Catalogue of Virous Creation (Sif Muna gifted it to you on level 3 of the Snake Pit)
 50731 | Snake:4  | Entered Level 4 of the Snake Pit
 50752 | Snake:4  | Noticed Wiglaf
 51196 | Snake:4  | Killed Wiglaf
 52840 | Snake:4  | Received a gift from Sif Muna
 52840 | Snake:4  | Reached skill level 18 in Summonings
 52847 | Snake:4  | Identified Sif Muna's Incunabulum of Boosts and Conjuration (Sif Muna gifted it to you on level 4 of the Snake Pit)
 52977 | Snake:4  | Learned a level 3 spell: Ozocubu's Armour
 53112 | Snake:4  | HP: 5/120 [shock serpent/bolt of electricity (24)]
 53768 | Snake:4  | Gained mutation: You are completely covered in large bone plates. (AC +4, SH +4) [demonic ancestry]
 53768 | Snake:4  | Reached XP level 17. HP: 69/125 MP: 3/33
 54284 | Snake:4  | Got a serpentine rune of Zot
 55959 | Snake:2  | Noticed Aizul
 55965 | Snake:2  | Killed Aizul
 56517 | Snake:2  | Identified the cursed +1 chain mail "Feifip" {rF+ MP+9} (You found it on level 1 of the Snake Pit)
 56746 | Snake:2  | Received a gift from Sif Muna
 56753 | Snake:2  | Identified Juicw's Compendium of Combat Magic (Sif Muna gifted it to you on level 2 of the Snake Pit)
 58255 | Elf:1    | Entered Level 1 of the Elven Halls
 58490 | Elf:1    | Noticed Nikola
 58498 | Elf:1    | Killed Nikola
 58772 | Elf:1    | Noticed Asterion
 58781 | Elf:1    | Killed Asterion
 58885 | Elf:1    | Reached skill level 19 in Summonings
 59089 | Orc:2    | Reached skill level 10 in Invocations
 60399 | Elf:1    | Found Upryop's Food Shoppe.
 61203 | Elf:2    | Found a huge runed gate.
 61203 | Elf:2    | Found a huge runed gate.
 61203 | Elf:2    | Found a huge runed gate.
 61692 | Elf:2    | Received a gift from Sif Muna
 61731 | Elf:2    | Noticed a deep elf blademaster
 62475 | Elf:2    | Learned a level 5 spell: Fireball
 62900 | Elf:2    | Reached XP level 18. HP: 132/132 MP: 18/35
 63024 | Elf:2    | Identified Lyarr's Handbook of the Dusty Volcanoes (Sif Muna gifted it to you on level 2 of the Elven Halls)
 63035 | Elf:2    | Reached skill level 20 in Summonings
 63179 | Elf:2    | Reached skill level 1 in Fire Magic
 63638 | Elf:3    | Entered Level 3 of the Elven Halls
 64994 | Elf:3    | Received a gift from Sif Muna
 65574 | Elf:3    | Got a fine pewter ring
 65575 | Elf:3    | Identified the ring of the First Beds {rF+ rC+ Str+5 Dex-5} (You took it off a deep elf annihilator on level 3 of the Elven Halls)
 65617 | Elf:3    | Got an ancient battleaxe {freeze}
 65913 | Elf:3    | Identified the cursed +1 battleaxe of Circular Logic {freeze, rPois Stlth+} (You took it off a deep elf annihilator on level 3 of the Elven Halls)
 66159 | Elf:3    | Got a steaming brass ring
 66474 | Elf:2    | Identified the ring "Imaanuiw" {+Fly rElec MR+ Int+9 Dex-2} (You took it off a deep elf death mage on level 3 of the Elven Halls)
 66565 | Elf:3    | Got a brightly glowing buckler
 66576 | Elf:3    | Identified the cursed +0 buckler of Analysis {rElec rPois Regen+} (You took it off a deep elf annihilator on level 3 of the Elven Halls)
 67019 | Elf:3    | Got a clouded diamond amulet
 67021 | Elf:3    | Identified the amulet of the Four Planets {Inacc -Tele MR+ Dex+10 Stlth-} (You found it on level 3 of the Elven Halls)
 67035 | Elf:3    | Identified the Disquisition on the Noxious Oath (You found it on level 3 of the Elven Halls)
 67039 | Elf:3    | Identified the Guide on Ice and Lightness (You found it on level 3 of the Elven Halls)
 67456 | Vaults:1 | Entered Level 1 of the Vaults
 68115 | Vaults:1 | Found Ocvolac's Weapon Boutique.
 68830 | Vaults:1 | Received a gift from Sif Muna
 68974 | Vaults:1 | Identified Dispater's Reference Book on Cloudy Attacks (Sif Muna gifted it to you on level 1 of the Vaults)
 68982 | Vaults:1 | Learned a level 6 spell: Freezing Cloud
 69176 | Vaults:2 | Reached skill level 5 in Ice Magic
 69239 | Vaults:2 | Found Guam's Antique Armour Shop.
 69386 | Vaults:2 | Found Uziaforr's Armour Boutique.
 69809 | Vaults:2 | Found Niuj's Book Shop.
 69981 | Vaults:2 | Noticed Frederick
 69995 | Vaults:2 | Killed Frederick
 70329 | Vaults:2 | Found a staircase to the Crypt.
 70554 | Vaults:2 | Reached XP level 19. HP: 112/138 MP: 7/36
 70838 | Vaults:2 | Received a gift from Sif Muna
 70843 | Vaults:2 | Learned a level 1 spell: Apportation
 70846 | Vaults:2 | Identified Loekh's Almanac of Damaging Snow (Sif Muna gifted it to you on level 2 of the Vaults)
 71206 | Vaults:2 | Found Hueh's Book Boutique.
 71209 | Vaults:2 | Found Ehossot's Weapon Emporium.
 71650 | Vaults:2 | Reached skill level 21 in Summonings
 72379 | Vaults:3 | Slain by a vault warden

Vault maps used:
D:1:      sevenhm_arrival_forest_fort_large_2, bh_walls_and_bars
D:2:      kennysheep_generic_room_7, uniq_crazy_yiuf_cottage
D:3:      makhleb_altar_promises_db, nicolae_overflow_hidden_temple,
          grunt_pakellas_basics, uniq_robin
D:4:      nicolae_gozag_seed_capital, minmay_temple_entry_fiery,
          minmay_misc_feat_four_crosses
D:5:      lemuel_doored_altar, first_bread, nemelex_spade_bored_becter,
          uniq_prince_ribbit1, uniq_blork_the_orc
D:6:      kennysheep_windowed_halls, basic_altar, tgw_xom
D:7:      black_bear_nest_2, zin_purify
D:8:      wad_guarded_room, serial_shops, nicolae_shop_overgrown_old_shop, shop,
          nicolae_shop_temple_entry_statues_fountains,
          nemelex_xobeh_ov_fountains_minmay, uniq_erica, uniq_maurice
D:9:      kennysheep_mini, fedhas_altar_4, old_standard_altar,
          minmay_orc_entry_temple_small
D:10:     enter_bailey_3, grunt_ogre_cave
D:11:     lair_0_dummy
D:12:     lab_entry_generic, minmay_misc_feat_columns, uniq_frances
D:13:     minmay_misc_feat_hallway
D:14:     grunt_vaults_entry_tiered, elyvilon_altar_4
Temple:   circular_temple_12
Lair:1:   uniq_sonja
Lair:2:   serial_bayou_shore_a, lemuel_fruit_tree
Lair:3:   lemuel_fruit_fields
Lair:4:   minmay_swamp_entry_wisps, guppyfry_snake_entry_garden,
          grunt_megastairs_2, uniq_maud
Lair:5:   mu_elephants_graveyard, lightli_volcano_entry_magma_tube,
          minivault_24, infiniplex_staircase_pool_2
Lair:6:   grunt_megastairs_5
Lair:7:   grunt_forest_stairs_clearing
Lair:8:   guppyfry_lair_end_dragon, dpeg_slime_entry_enclosed_altar,
          serial_forest, infiniplex_forest_clump_double,
          infiniplex_forest_straight_1, infiniplex_forest_clump_cross,
          infiniplex_forest_clump_tiny, grunt_megastairs_1
Swamp:1:  evilmike_swamp_ruin_house_3
Swamp:2:  hangedman_swamp_lotus, infiniplex_staircase_pool
Swamp:3:  portal_ice_cave_entry_ice_statue_one, evilmike_swamp_ruin_house_1,
          st_swamp_mini
Swamp:4:  swamp_icy
Snake:2:  uniq_aizul
Snake:4:  snake_pit_salamanders_mu, grunt_ministairs_1, serial_bayou_shore_b,
          uniq_wiglaf
Orc:1:    serial_shops, shop, nicolae_shop_overgrown_old_shop, shop
Orc:2:    st_orc_mages, basic_altar, uniq_donald, uniq_nessos, uniq_snorg,
          uniq_azrael
Elf:1:    serial_shops, shop, minivault_28, uniq_asterion, uniq_nikola
Elf:3:    minmay_elf_hall_spiked
Vaults:1: vaults_standard_mumra_x, nicolae_vaults_yaktaur_gun_rack,
          nicolae_vaults_little_squares_2, v_misc_32, v_misc_4,
          nicolae_vaults_mini_display_case, vaults_room_grid, vaults_dpeg_hooks,
          v_misc_3, nicolae_vaults_theta, serial_shops, shop_coins
Vaults:2: nicolae_vaults_disjoint_gnomons, minmay_crypt_entry_vampire_xt,
          hangedman_vaults_slither, grunt_vaults_trifunnel,
          nicolae_vaults_twisting_passages, v_misc_29,
          nicolae_vaults_three_branches, v_misc_13, grunt_vaults_focal,
          ontoclasm_vaults_decontamination, nicolae_vaults_little_squares_6,
          grunt_vaults_hallway_long, serial_shops, shop, nicolae_shop_stone,
          shop, shop, nicolae_shop_waterfront, uniq_frederick
Vaults:3: ontoclasm_vaults_hangar, v_pattern_1, hangedman_vaults_stream,
          nicolae_vaults_quartermaster, v_misc_22, nicolae_vaults_shelves_hall,
          nicolae_vaults_little_squares_2, vaults_dpeg_cross,
          nicolae_vaults_circle_grid_b, v_misc_16, v_misc_11,
          grunt_vaults_diagonal, nicolae_vaults_border_crossing, basic_altar
Lab:      lab_statue, nicolae_lab_quarters
Bailey:   bailey_polearm_3, bailey

Skill      XL: |  1  2  3  4  5  6  7  8  9 10 11 12 13 14 15 16 17 18 19 |
---------------+----------------------------------------------------------+-----
Summonings     | 5 6 8 10 11 13 15 16 18 19 20 21 | 21.2
Fighting       | 1 2 3 6 8 9 |  9.0
Air Magic      | 2 3 5 8 |  8.0
Spellcasting   | 3 4 6 8 10 11 12 13 | 13.1
Invocations    | 3 7 8 10 | 10.1
Ice Magic      | 4 7 9 |  9.3
Conjurations   | 7 11 | 11.2
Charms         | 3 |  3.7
Hexes          | 5 6 8 |  8.8
Long Blades    | 4 5 |  5.5
Stealth        | 6 |  6.2
Shields        | 2 |  2.6
Fire Magic     | 4 |  4.0
Dodging        | |  1.7

Action                   |  1- 3 |  4- 6 |  7- 9 | 10-12 | 13-15 | 16-18 | 19-21 || total
-------------------------+-------+-------+-------+-------+-------+-------+-------++-------
Melee: Unarmed           |   226 |    45 |       |       |       |       |       ||   271
       Kick              |    41 |    74 |   136 |    84 |   311 |   210 |    17 ||   873
       Dagger            |       |   290 |   534 |       |       |       |       ||   824
       Whip              |       |       |    98 |   872 |   223 |       |       ||  1193
       Falchion          |       |       |       |       |   977 |  1043 |   119 ||  2139
       Headbutt          |       |       |       |       |   122 |   154 |    15 ||   291
Throw: Javelin           |       |    17 |    10 |    10 |       |       |       ||    37
 Cast: Summon Small Mamm |    26 |    15 |     7 |       |       |       |       ||    48
       Call Canine Famil |     1 |    19 |    33 |    61 |   112 |    53 |       ||   279
       Summon Lightning  |       |       |    31 |   101 |   186 |   163 |     2 ||   483
       Summon Ice Beast  |       |       |       |    34 |     4 |       |       ||    38
       Shock             |       |       |       |    91 |       |       |       ||    91
       Shadow Creatures  |       |       |       |    18 |    72 |    43 |       ||   133
       Lightning Bolt    |       |       |       |    13 |   153 |   120 |    27 ||   313
       Repel Missiles    |       |       |       |     1 |     3 |     9 |     1 ||    14
       Tukima's Dance    |       |       |       |       |    22 |    94 |       ||   116
       Summon Hydra      |       |       |       |       |    29 |   129 |     3 ||   161
       Summon Butterflie |       |       |       |       |       |    10 |       ||    10
       Fireball          |       |       |       |       |       |    13 |       ||    13
       Freezing Cloud    |       |       |       |       |       |    20 |    29 ||    49
Invok: Channel Energy    |       |       |       |    40 |   189 |   166 |    27 ||   422
       Forget Spell      |       |       |       |     1 |     2 |     3 |       ||     6
 Abil: Evoke Flight      |       |       |       |       |       |     5 |       ||     5
       Stop Flying       |       |       |       |       |       |     1 |       ||     1
  Use: Scroll            |       |       |     6 |    21 |    28 |    16 |     1 ||    72
       Potion            |       |       |       |     6 |    13 |     5 |     2 ||    26
 Stab: Sleeping          |     3 |     4 |     2 |     4 |     2 |     5 |       ||    20
       Distracted        |     1 |     3 |     6 |     9 |    25 |    25 |       ||    69
  Eat: Chunk             |     4 |    10 |    19 |    55 |   174 |   132 |    11 ||   405
       Bread ration      |       |     1 |     1 |       |       |       |       ||     2
       Pizza             |       |     1 |     1 |       |       |       |       ||     2
       Meat ration       |       |     1 |     1 |     3 |     2 |     3 |       ||    10
       Beef jerky        |       |       |     1 |       |       |       |       ||     1
       Fruit             |       |       |       |     2 |       |       |       ||     2
       Royal jelly       |       |       |       |       |       |     1 |       ||     1
Armor: Robe              |   137 |   203 |   284 |   383 |    74 |       |       ||  1081
       Mottled dragon ar |       |       |       |       |   591 |   476 |    46 ||  1113
Dodge: Dodged            |   214 |   292 |   389 |   557 |   636 |   345 |    31 ||  2464
       Deflected         |       |       |       |     1 |    31 |    43 |     5 ||    80
Block: Other             |       |       |       |    51 |   114 |       |       ||   165
       Buckler           |       |       |       |       |    36 |   390 |    34 ||   460
